 Dungeon Crawl Stone Soup version 0.30.0 (webtiles) character file.

Game seed: 9247544225818658227

817 drdoodlebug the Cleaver (level 7, -11/60 HPs)
             Began as a Minotaur Fighter on Oct 13, 2023.
             Was an Initiate of Dithmenos.
             Killed from afar by Dowan (16 damage)
             ... with a shard of ice
             ... on level 5 of the Dungeon.
             The game lasted 00:23:42 (3579 turns).

drdoodlebug the Cleaver (Minotaur Fighter)          Turns: 3579, Time: 00:23:46

Health: -11/60     AC:  9    Str: 26    XL:     7   Next: 62%
Magic:  6/6        EV:  9    Int:  5    God:    Dithmenos [......]
Gold:   217        SH:  5    Dex: 12    Spells: 6/6 levels left

rFire   . . .        a - +0 war axe
rCold   . . .        c - +0 buckler
rNeg    . . .        j - +0 chain mail
rPois   .            (helmet restricted)
rElec   .            (no cloak)
rCorr   .            (no gloves)
SInv    .            (no boots)
Will    .....        b - amulet of regeneration Stlth
                     p - +6 ring of strength
HPRegen 1.10/turn    (no ring)
MPRegen 0.10/turn

%: no passive effects
@: no status effects
A: horns 2, retaliatory headbutt
a: Renounce Religion


You were on level 5 of the Dungeon.
You worshipped Dithmenos.
Dithmenos was noncommittal.
You visited 1 branch of the dungeon, and saw 5 of its levels.

You collected 217 gold pieces.

Inventory:

Hand Weapons
 a - a +0 war axe (weapon)
 u - a +1 short sword of draining
Missiles
 e - 37 stones (quivered)
Armour
 c - a +0 buckler (worn)
 j - a +0 chain mail (worn)
Jewellery
 b - an amulet of regeneration (around neck)
 p - a +6 ring of strength (left hand)
Wands
 m - a wand of roots (4)
Scrolls
 g - 2 scrolls of amnesia
 h - 3 scrolls of identify
 q - a scroll of acquirement {unknown}
 r - a scroll of blinking {unknown}
 t - a scroll of enchant armour {unknown}
Potions
 d - a potion of ambrosia {unknown}
 f - 3 potions of degeneration {unknown}
 i - a potion of invisibility {unknown}
 k - a potion of cancellation {unknown}
 l - 2 potions of mutation {unknown}
 n - 2 potions of curing {unknown}
 o - a potion of lignification {unknown}
 s - a potion of brilliance {unknown}


   Skills:
 + Level 4.9 Fighting
 + Level 8.2 Axes
 + Level 5.2 Armour
 + Level 2.1 Dodging
 + Level 0.6 Stealth
 + Level 4.6 Shields


You had 6 spell levels left.
You didn't know any spells.
Your spell library contained the following spells:

 Spells                   Type           Power      Damage    Failure   Level
 Blink                    Tloc           0%         N/A       99%         2
 Lesser Beckoning         Tloc           0%         N/A       99%         2
 Momentum Strike          Conj/Tloc      0%         3d8       99%         2
 Poisonous Vapours        Pois/Air       0%         N/A       99%         2
 Mephitic Cloud           Conj/Pois/Air  0%         N/A       100%        3
 Portal Projectile        Hex/Tloc       0%         N/A       100%        3
 Tukima's Dance           Hex            0%         N/A       100%        3
 Blade Hands              Tmut           0%         N/A       100%        5
 Freezing Cloud           Conj/Ice/Air   0%         6-21      100%        5


Dungeon Overview and Level Annotations

Branches:
Dungeon (5/15)
 Temple: D:4-7

Altars:
Cheibriados
Dithmenos

Shops:
D:1 ?(!

Annotations:
D:5 Dowan


Innate Abilities, Weirdness & Mutations

You have a pair of horns on your head.
You reflexively headbutt those who attack you in melee.


Message History

Things that are here:
a +1 short sword of draining; a +0 leather armour; the elf corpse of Duvessa
Things that are here:
a +1 short sword of draining; a +0 leather armour; the elf corpse of Duvessa
u - a +1 short sword of draining Dowan shouts!
Dowan seems to find hidden reserves of power!
Dowan hits you with a +0 mace. Dowan hits you but does no damage.
Dowan hits you with a +0 mace. You block Dowan's attack.
Dowan gestures wildly while chanting.
Dowan blinks!
Dowan says, "Magic will overcome all!"
You closely miss Dowan. Your headbutt misses Dowan.
Dowan hits you with a +0 mace.
Dowan shakes with grief.
Dowan hits you with a +0 mace!
You closely miss Dowan.
Dowan mumbles some strange words.
Dowan blinks!
Dowan casts a spell at you. The shard of ice hits you!
You hit Dowan but do no damage. You headbutt Dowan!
Dowan is heavily wounded.
You block Dowan's attack. Dowan closely misses you.
You hit Dowan.
Dowan is heavily wounded.
Dowan points at you and mumbles some strange words.
The shard of ice hits you!
You hit Dowan.
Dowan is severely wounded.
Dowan hits you but does no damage. Dowan closely misses you.
You barely miss Dowan.
Dowan is severely wounded.
Dowan points at you and mumbles some strange words.
The shard of ice hits you!!
* * * LOW HITPOINT WARNING * * *
Dowan casts a spell at you. The shard of ice hits you!
You die...

### ..# #.# #.# #.#
#########.#######..
#[......@..........
#.#######e#########
#.# #... #.# #####
#.# #.# #.# #.# #<#


You could see Dowan (fast).

Vanquished Creatures
  Grinder (D:3)
  Menkaure (D:4)
  Duvessa (D:5)
  2 hounds (D:4)
  2 iguanas
  2 orc wizards
  Terence (D:2)
  3 gnolls (D:2)
  9 adders
  2 worms (D:2)
  2 dart slugs
  12 orcs
  6 endoplasms
  2 giant cockroaches
  8 goblins
  9 hobgoblins
  3 jackals (D:4)
  5 quokkas
  7 ball pythons
  4 bats
  4 frilled lizards (D:1)
  5 kobolds
  10 rats
101 creatures vanquished.

Notes
Turn   | Place    | Note
-------+----------+-------------------------------------------
     0 | D:1      | drdoodlebug the Minotaur Fighter began the quest for the
                  | Orb.
     0 | D:1      | Reached XP level 1. HP: 19/19 MP: 0/0
   189 | D:1      | Found Sehi's Magic Scroll Shoppe.
   410 | D:1      | Found Cyuske's Weapon Boutique.
   424 | D:1      | Reached XP level 2. HP: 27/27 MP: 1/1
   567 | D:1      | Reached skill level 3 in Axes
   811 | D:1      | Reached XP level 3. HP: 31/33 MP: 2/2
   906 | D:1      | Found Fatosuk's Distillery.
  1583 | D:2      | Reached skill level 4 in Axes
  1598 | D:2      | Reached XP level 4. HP: 36/40 MP: 3/3
  2091 | D:2      | Noticed Terence
  2096 | D:2      | Killed Terence
  2111 | D:2      | Reached skill level 1 in Dodging
  2114 | D:2      | Reached skill level 5 in Axes
  2114 | D:2      | Reached XP level 5. HP: 42/46 MP: 4/4
  2244 | D:3      | Noticed Grinder
  2266 | D:3      | Paralysed by Grinder for 2 turns
  2269 | D:3      | Killed Grinder
  2270 | D:3      | Reached skill level 6 in Axes
  2270 | D:3      | Reached XP level 6. HP: 44/53 MP: 5/5
  2878 | D:4      | Reached skill level 7 in Axes
  2975 | D:4      | Reached XP level 7. HP: 60/60 MP: 6/6
  3020 | D:4      | Found a snail-covered altar of Cheibriados.
  3122 | D:4      | Found a shadowy altar of Dithmenos.
  3171 | D:4      | Became a worshipper of Dithmenos the Shadowed
  3252 | D:4      | Noticed Menkaure
  3278 | D:4      | Killed Menkaure
  3279 | D:4      | Reached skill level 5 in Armour
  3474 | D:5      | Entered Level 5 of the Dungeon
  3490 | D:5      | Noticed Duvessa
  3490 | D:5      | Noticed Dowan
  3514 | D:5      | Killed Duvessa
  3515 | D:5      | Reached skill level 8 in Axes
  3579 | D:5      | Killed from afar by Dowan

Illustrated notes

Levels and vault maps discovered:
D:1:      nicolae_arrival_escape_room, layout_loops_ring, serial_shops, shop,
          shop, nicolae_shop_just_a_little_nook
D:2:      layout_basic, uniq_terence
D:3:      layout_basic, uniq_grinder
D:4:      layout_basic, cheibriados_altar_1, lemuel_round_altar,
          kennysheep_pointless_box, uniq_menkaure
D:5:      layout_basic, nicolae_overflow_crystal_walls, uniq_duvessa

Skill      XL: |  1  2  3  4  5  6  7 |
---------------+----------------------+-----
Axes           | 3 4 5 6 7 8 |  8.2
Armour         | 4 5 |  5.2
Shields        | 4 |  4.6
Fighting       | 4 |  4.9
Dodging        | 1 2 |  2.1
Stealth        | |  0.6

Action                     |  1- 3 |  4- 6 |  7- 9 || total
---------------------------+-------+-------+-------++-------
  Melee: War axe           |    91 |   101 |    40 ||   232
         Headbutt          |    11 |    14 |     7 ||    32
    Use: Potion            |     1 |       |     2 ||     3
         Scroll            |     3 |     3 |       ||     6
 Armour: Scale mail        |    20 |       |       ||    20
         Chain mail        |    32 |    39 |    11 ||    82
  Dodge: Dodged            |    34 |    30 |    18 ||    82
  Block: Buckler           |     9 |    21 |    10 ||    40
